 Dungeon Crawl Stone Soup version 0.31.0-11-ge490571c62 (webtiles) character file.

Game seed: 10127198497522443919

108 Bobbunny the Shield-Bearer (level 4, 0/45 HPs)
             Began as a Troll Fighter on Jan 26, 2024.
             Slain by an iron imp (4 damage)
             ... on level 3 of the Dungeon.
             The game lasted 00:01:18 (1486 turns).

Bobbunny the Shield-Bearer (Troll Fighter)          Turns: 1486, Time: 00:01:18

Health: 0/45       AC:  4    Str: 26    XL:     4   Next: 58%
Magic:  3/3        EV:  9    Int:  4    God:
Gold:   165        SH:  8    Dex:  9    Spells: 3/3 levels left

rFire   . .          .
                       - Unarmed
rCold   . . .        b - +0 kite shield
rNeg    . . .        a - +0 robe
rPois   .            (helmet restricted)
rElec   .            (no cloak)
rCorr   .            (gloves unavailable)
SInv    .            (boots unavailable)
Will    .....        (no amulet)
Stlth   +            (no ring)
HPRegen 1.07/turn    (no ring)
MPRegen 0.08/turn

%: no passive effects
@: no status effects
A: large, unfitting armour, claws 3, regeneration 1, shaggy fur 1, tough skin 1
a: no special abilities


You were on level 3 of the Dungeon.
You visited 1 branch of the dungeon, and saw 3 of its levels.

You collected 165 gold pieces.

Inventory:

Missiles
 f - 3 poisoned darts (quivered)
Armour
 a - a +0 robe (worn)
 b - a +0 kite shield (worn)
Wands
 l - a wand of acid (8)
Scrolls
 d - a scroll of revelation {unknown}
 i - 3 scrolls of identify {unknown}
 m - a scroll of teleportation {unknown}
 n - a scroll of butterflies {unknown}
Potions
 c - a potion of might
 e - a potion of attraction {unknown}
 g - 3 potions of heal wounds {unknown}
 h - a potion of enlightenment {unknown}
 j - a potion of cancellation {unknown}
 k - a potion of curing {unknown}
 o - a potion of mutation {unknown}


   Skills:
 + Level 3.2 Fighting
 - Level 2.4 Dodging
 + Level 3.5 Shields
 + Level 3.2 Unarmed Combat


You had 3 spell levels left.
You didn't know any spells.
Your spell library contained the following spells:

 Spells                   Type           Power      Damage    Failure   Level
 Apportation              Tloc           0%         N/A       75%         1
 Necrotise                Necr           0%         1d4       75%         1
 Sting                    Conj/Alch      0%         1d3       75%         1
 Summon Small Mammal      Summ           0%         N/A       75%         1


Dungeon Overview and Level Annotations

Branches:
Dungeon (3/15)

Altars:
Fedhas
Makhleb


Innate Abilities, Weirdness & Mutations

You are too large for most types of armour.
You have claws for hands.
Your natural rate of healing is unusually fast.
You are covered in fur. (AC +1)
You have tough skin. (AC +1)


Message History

The iron imp hits you but does no damage.
You block the iron imp's attack.
You claw the iron imp!
You kill the iron imp!
You closely miss the iron imp. The iron imp hits you. The iron imp hits you!
* * * LOW HITPOINT WARNING * * *
You are too injured to fight recklessly!
You are too injured to fight recklessly!
You are too injured to fight recklessly!
You are too injured to fight recklessly!
You are too injured to fight recklessly!
You are too injured to fight recklessly!
You are too injured to fight recklessly!
You are too injured to fight recklessly!
You are too injured to fight recklessly!
You are too injured to fight recklessly!
You are too injured to fight recklessly!
You are too injured to fight recklessly!
You are too injured to fight recklessly!
You are too injured to fight recklessly!
You are too injured to fight recklessly!
You are too injured to fight recklessly!
You barely miss the iron imp. The iron imp barely misses you.
The iron imp hits you but does no damage.
You claw the iron imp!
The iron imp is heavily wounded.
The iron imp hits you.
* * * LOW HITPOINT WARNING * * *
You block the iron imp's attack.
You claw the iron imp!
The iron imp is almost dead.
You closely miss the iron imp.
The iron imp is almost dead.
You block the iron imp's attack. x2
You barely miss the iron imp.
The iron imp is almost dead.
The iron imp hits you!
* * * LOW HITPOINT WARNING * * *
The iron imp hits you.
You die...

≈≈..........
#.....≈≈..........
#.._.§§8≈.........
#....§≈§........<.
#....§§§..........
#....≈≈...........
#.≈≈≈≈............
#5§≈≈.............
#@5.......$.......
#################.
#. #. #. #. ##.
#... #...


You could see 2 iron imps.

Vanquished Creatures
  An iron imp (D:3)
  Jessica (D:3)
  A gnoll (D:1)
  An adder (D:2)
  A ribbon worm (D:2)
  7 bats
  2 endoplasms
  2 giant cockroaches
  3 goblins (D:1)
  A hobgoblin (D:2)
  A quokka (D:1)
  7 ball pythons
  2 frilled lizards (D:1)
  3 kobolds
  5 rats
38 creatures vanquished.

Notes
Turn   | Place    | Note
-------+----------+-------------------------------------------
     0 | D:1      | Bobbunny the Troll Fighter began the quest for the Orb.
     0 | D:1      | Reached XP level 1. HP: 22/22 MP: 0/0
   352 | D:1      | Reached XP level 2. HP: 23/29 MP: 1/1
   794 | D:2      | Reached XP level 3. HP: 36/36 MP: 2/2
  1404 | D:3      | Found a blossoming altar of Fedhas.
  1409 | D:3      | Noticed Jessica
  1414 | D:3      | Killed Jessica
  1415 | D:3      | Reached XP level 4. HP: 45/45 MP: 3/3
  1462 | D:3      | Found a burning altar of Makhleb.
  1486 | D:3      | Slain by an iron imp

Illustrated notes

Levels and vault maps discovered:
D:1:      minmay_arrival_four_loops, layout_basic, chequers_avenue
D:2:      layout_loops_ring
D:3:      layout_rooms, mainiacjoe_overflow_chevrons, demons_altar,
          amcnicky_altar_gilded, grunt_decor_junction, uniq_jessica

Skill      XL: |  1  2  3 |
---------------+----------+-----
Shields        | 3 |  3.5
Fighting       | 3 |  3.2
Unarmed Combat | 3 |  3.2
Dodging        | |  2.4

Action                     |  1- 3 |  4- 6 || total
---------------------------+-------+-------++-------
  Melee: Unarmed           |    96 |    15 ||   111
 Armour: Robe              |    50 |    10 ||    60
  Dodge: Dodged            |    36 |     5 ||    41
  Block: Kite shield       |    53 |     4 ||    57
